 Dungeon Crawl Stone Soup version 0.29-a0-559-g359e09b9d1 (webtiles) character file.

Game seed: 18198726201829987746

1250 spiderkeys the Ducker (level 8, -4/48 HPs)
             Began as a Deep Elf Abyssal Knight on June 10, 2022.
             Was an Elder of Lugonu.
             Slain by Blork the orc
             ... wielding a +0 glaive
              (16 damage)
             ... on level 7 of the Dungeon.
             The game lasted 00:11:02 (6727 turns).

spiderkeys the Ducker (Deep Elf Abyssal Knight)     Turns: 6727, Time: 00:11:03

Health: -4/48      AC:  6    Str: 10    XL:     8   Next: 26%
Magic:  11/17      EV: 12    Int: 18    God:    Lugonu [****..]
Gold:   286        SH:  0    Dex: 15    Spells: 13/17 levels left

rFire   . . .      SeeInvis .   n - +1 dagger (elec)
rCold   . . .      Faith    .   (no shield)
rNeg    . . .      Spirit   .   c - +0 ring mail
rPois   +          Reflect  .   (no helmet)
rElec   .          Harm     .   (no cloak)
rCorr   .          Rampage  .   p - +0 pair of gloves
Will    .....                   (no boots)
Stlth   +.........              g - amulet of regeneration
HPRegen 0.96/turn               P - ring of poison resistance
MPRegen 0.15/turn               (no ring)

@: no status effects
A: no striking features
a: Renounce Religion, Depart the Abyss, Bend Space, Banish, Corrupt


You were on level 7 of the Dungeon.
You worshipped Lugonu.
Lugonu was greatly pleased with you.
You visited 1 branch of the dungeon, and saw 7 of its levels.
You visited the Abyss 1 time.

You collected 286 gold pieces.


   Skills:
 + Level 4.6 Fighting
 - Level 2.0 Short Blades
 - Level 0.7 Armour
 + Level 6.0 Dodging
 - Level 5.0 Spellcasting
 * Level 4.3 Summonings
 + Level 5.4 Invocations


You had 13 spell levels left.
You knew the following spells:

 Your Spells              Type           Power      Damage    Failure   Level
c - Call Imp              Summ           20%        N/A       9%          2
p - Poisonous Vapours     Pois/Air       8%         N/A       45%         2

Your spell library contained the following spells:

 Spells                   Type           Power      Damage    Failure   Level
 Magic Dart               Conj           16%        1d3       34%         1
 Mephitic Cloud           Conj/Pois/Air  4%         N/A       71%         3
 Corpse Rot               Necr/Pois/Air  4%         N/A       98%         4

Inventory:

Hand Weapons
 a - a +1 short sword of freezing
 n - a +1 dagger of electrocution (weapon)
   (You took it off a goblin on level 2 of the Dungeon)
Missiles
 d - 88 stones
 q - 4 throwing nets {=f!f}
 y - 8 curare-tipped darts {=f}
 N - 2 poisoned darts
Armour
 b - a +0 leather armour
 c - a +0 ring mail (worn)
   (You found it on level 2 of the Dungeon)
 j - a +0 leather armour
   (You took it off an orc on level 3 of the Dungeon)
 k - a +0 scale mail
   (You found it on level 1 of the Dungeon)
 l - a +0 leather armour
   (You found it on level 2 of the Dungeon)
 m - a +0 leather armour
   (You found it on level 2 of the Dungeon)
 o - a +0 leather armour
   (You took it off an orc on level 3 of the Dungeon)
 p - a +0 pair of gloves (worn)
   (You found it on level 2 of the Dungeon)
 s - a +0 leather armour
   (You found it on level 2 of the Dungeon)
 v - a +0 robe
   (You took it off an orc wizard on level 3 of the Dungeon)
 w - a +0 leather armour
   (You found it on level 3 of the Dungeon)
 x - a +0 robe
   (You took it off an orc wizard on level 3 of the Dungeon)
 z - a +0 robe
   (You took it off an orc wizard on level 4 of the Dungeon)
 C - a +0 robe
   (You took it off an orc wizard on level 4 of the Dungeon)
 D - a +0 robe
   (You found it on level 4 of the Dungeon)
 E - a +0 chain mail
   (You took it off an orc on level 4 of the Dungeon)
 G - a +0 leather armour
   (You took it off an orc on level 4 of the Dungeon)
 H - a +0 scale mail
   (You took it off an orc on level 4 of the Dungeon)
 Q - a +0 leather armour
   (You took it off an orc on level 5 of the Dungeon)
 R - a +0 leather armour
   (You took it off an orc on level 5 of the Dungeon)
 S - a +0 leather armour
   (You took it off an orc on level 5 of the Dungeon)
 T - a +0 ring mail
   (You took it off an orc on level 5 of the Dungeon)
 U - a +0 robe
   (You found it on level 5 of the Dungeon)
 V - a +0 chain mail
   (You found it on level 5 of the Dungeon)
Jewellery
 g - an amulet of regeneration (around neck)
   (You took it off a gnoll on level 3 of the Dungeon)
 P - a ring of poison resistance (left hand)
   (You found it on level 1 of the Dungeon)
Wands
 I - a wand of paralysis (2)
   (You found it on level 5 of the Dungeon)
Scrolls
 i - a scroll of teleportation {@r4}
 r - a scroll of summoning
 A - a scroll of magic mapping {!r}
 J - a scroll of silence {!r}
 O - a scroll of enchant armour {unknown}
Potions
 e - a potion of heal wounds {unknown}
 f - a potion of invisibility {unknown}
 h - 2 potions of haste {unknown}
 t - a potion of brilliance
 u - a potion of cancellation {unknown}
 B - a potion of flight {unknown}
 F - 3 potions of curing {unknown}
 K - a potion of berserk rage {!q}
 L - a potion of mutation {unknown}
 M - a potion of attraction {unknown}

Dungeon Overview and Level Annotations

Branches:
Dungeon (7/15)             Temple (0/1) D:4

Altars:

Shops:
D:1 :   D:4 (

Annotations:
D:5 2 transporters, ew1980's ghost, amateur GnFi
D:7 Blork the orc

############
#ยง.........#
#ยง@........##
#.5..........
#o....#.#.#.#
#.........ยง..
#######.....#.#.#.#
#.........#........
#.........#.#.#.#.#
#.........#........
#.........#.#.#.#.#


You could see Blork the orc (ally target) and a friendly crimson imp (summoned).


Message History

Confirm with . or Enter, or press ? or * to list all spells.
Okay, then.
The ice beast barely misses your white imp.
Your white imp hits the ice beast.
Your white imp freezes the ice beast.
The ice beast completely resists. ๐Ÿ˜Ž HP[+1]
Your hp is fully restored (48).
The ice beast closely misses your white imp.
Your white imp closely misses the ice beast.
Your magical contamination has completely faded away. ๐Ÿ˜Ž MP[+1]
The ice beast hits your white imp. The ice beast freezes your white imp.
Your white imp resists.
Your white imp hits the ice beast.
Your white imp freezes the ice beast.
The ice beast completely resists.
The ice beast hits your white imp but does no damage.
Your white imp hits the ice beast but does no damage.
The ice beast misses your white imp.
Your white imp barely misses the ice beast.
The ice beast hits your white imp but does no damage.
Your white imp hits the ice beast but does no damage.
The ice beast hits your white imp. The ice beast freezes your white imp.
Your white imp resists.
Your white imp hits the ice beast but does no damage.
The ice beast hits your white imp.
Your white imp dies!
Your white imp disappears in a puff of smoke! ๐Ÿ˜Ž MP[+1]
Casting: Call Imp (safe; 12% risk of failure)
Confirm with . or Enter, or press ? or * to list all spells.
A beastly little devil appears in a puff of flame. ๐Ÿ˜Ž MP[-2]
You lost 2 mp, and now have 13/17 mp.
Your crimson imp hits the ice beast.
You closely miss the ice beast.
The ice beast hits you but does no damage.
You hit the ice beast but do no damage.
Your crimson imp blinks!
The ice beast closely misses you.
You hit the ice beast but do no damage. The ice beast barely misses you.
You hit the ice beast.
Lightning courses through the ice beast!
You kill the ice beast!
Lugonu accepts your kill.
There is a stone staircase leading up here. ๐Ÿ˜Ž MP[+1]
You start resting.
Your crimson imp blinks! x2 ๐Ÿ˜Ž MP[+3]
Your mp is fully restored (17).
You climb upwards.
Level annotation: Blork the orc The steam dragon hisses angrily.
The orc hits you from afar with a +0 trident.
Blork the orc hits you with a +0 glaive!
The orc barely misses you.
There is a stone staircase leading down, spattered with blood here. ๐Ÿ˜ฎ HP[-15]
You take 15 damage, and now have 33/48 hp.
MASSIVE DAMAGE!! (PAUSE) Blork the orc hits you with a +0 glaive.
The steam dragon bites you. The steam dragon barely misses you.
The orc closely misses you.
You climb downwards.
Your crimson imp disappears in a puff of smoke!
There is a stone staircase leading up here. ๐Ÿ˜ฎ HP[-2]
You take 2 damage, and now have 31/48 hp.
Press: ? - help, Shift-Dir - straight line, f - steam dragon
Aim: a steam dragon (chance to affect: 82%)
You fail to use your ability.
Blork the orc points at you and mumbles some strange words.
The puff of frost hits you. The steam dragon bites you.
* * * LOW HITPOINT WARNING * * *
The steam dragon claws you.
* * * LOW HITPOINT WARNING * * *
๐Ÿ˜จ HP[-13]
You take 13 damage, and now have 18/48 hp.
MASSIVE DAMAGE!! (PAUSE)
Press: ? - help, Shift-Dir - straight line, f/p - steam dragon
Aim: a steam dragon (chance to affect: 82%)
The steam dragon is devoured by a tear in reality.
Lugonu claims a new guest.
Blork the orc points at you and mumbles some strange words.
The puff of frost misses you.
Your Dodging skill increases to level 6!
Your Summonings skill increases to level 4! ๐Ÿ˜จ HP[+1] MP[-4]
You lost 4 mp, and now have 13/17 mp.
Casting: Call Imp (safe; 9% risk of failure)
Confirm with . or Enter, or press ? or * to list all spells.
A beastly little devil appears in a puff of flame.
Blork the orc hits you with a +0 glaive!
* * * LOW HITPOINT WARNING * * *
๐Ÿ˜ฑ HP[-8] MP[-2]
You take 8 damage, and now have 11/48 hp.
You lost 2 mp, and now have 11/17 mp.
You swap places.
Blork the orc hits you from afar with a +0 glaive!
You die...

Skill      XL: |  1  2  3  4  5  6  7  8 |
---------------+-------------------------+-----
Spellcasting   | 1 2 3 4 5 |  5.0
Dodging        | 3 4 5 6 |  6.0
Invocations    | 3 4 5 |  5.4
Fighting       | 3 4 |  4.6
Summonings     | 3 4 |  4.3
Short Blades   | |  2.0
Armour         | |  0.7

Action                   |  1- 3 |  4- 6 |  7- 9 || total
-------------------------+-------+-------+-------++-------
Melee: Short sword       |   117 |       |       ||   117
       Punch             |     2 |     2 |     1 ||     5
       Dagger            |    21 |   278 |    80 ||   379
Throw: Dart              |       |       |     7 ||     7
       Stone             |       |       |     1 ||     1
 Cast: Call Imp          |       |       |     6 ||     6
Invok: Bend Space        |     3 |       |     2 ||     5
       Banish            |       |       |     2 ||     2
Evoke: Wand              |       |       |     4 ||     4
  Use: Scroll            |     2 |     6 |       ||     8
       Potion            |       |     3 |       ||     3
 Stab: Sleeping          |     2 |       |       ||     2
       Paralysed         |       |       |     1 ||     1
Armor: Leather armour    |    28 |       |       ||    28
       Ring mail         |    12 |    81 |    26 ||   119
Dodge: Dodged            |    91 |   158 |    67 ||   316

Levels and vault maps discovered:
D:1:      lightli_arrival_chessboard, layout_basic, serial_shops, shop,
          serial_bayou_crossing
D:2:      layout_loops_ring
D:3:      layout_loops_ring, serial_glass, glass_columns_c, glass_columns_a
D:4:      layout_basic, minmay_temple_entry_fiery, serial_shops,
          nicolae_shop_bloodbath_and_beyond
D:5:      layout_basic, gammafunk_ghost_smash, uniq_menkaure
D:6:      layout_basic, uniq_blork_the_orc, uniq_eustachio
D:7:      black_bear_nest_2, layout_rooms, glass_columns_c

Notes
Turn   | Place    | Note
-------+----------+-------------------------------------------
     0 | Abyss:1  | spiderkeys the Deep Elf Abyssal Knight began the quest for
                  | the Orb.
     0 | Abyss:1  | Reached XP level 1. HP: 13/13 MP: 4/4
     0 | Abyss:1  | magus.rc [v1.11.3]
     5 | Abyss:1  | Found a corrupted altar of Lugonu.
    19 | D:1      | You pass through the gate.
    19 | D:1      | Escaped the Abyss
   276 | D:1      | Reached skill level 1 in Spellcasting
   276 | D:1      | Reached XP level 2. HP: 18/18 MP: 5/5
   831 | D:1      | Found Esiwn's Book Shop.
  1381 | D:1      | Reached skill level 3 in Dodging
  1567 | D:2      | Reached XP level 3. HP: 22/22 MP: 7/7
  2276 | D:2      | Reached *** piety under Lugonu
  2277 | D:2      | Reached skill level 2 in Spellcasting
  2794 | D:2      | Reached XP level 4. HP: 27/27 MP: 9/9
  3071 | D:2      | Reached skill level 3 in Invocations
  3208 | D:2      | Reached skill level 3 in Fighting
  3547 | D:3      | HP: 1/28 [orc priest/divine providence (16)]
  3550 | D:3      | Reached XP level 5. HP: 2/32 MP: 9/11
  3552 | D:3      | Reached skill level 3 in Spellcasting
  4112 | D:3      | You pick up a book of Minor Magic and begin reading...
  4112 | D:3      | You add the spells Magic Dart, Call Imp and Mephitic Cloud
                  | to your library.
  4204 | D:3      | Reached skill level 4 in Dodging
  4230 | D:3      | HP: 8/32 [orc priest/nerve-wracking pain (14)]
  4941 | D:3      | Reached XP level 6. HP: 14/37 MP: 13/13
  5140 | D:4      | Found Ziotar's Weapon Shop.
  5198 | D:4      | Reached **** piety under Lugonu
  5576 | D:3      | Reached skill level 4 in Invocations
  5651 | D:4      | Reached skill level 4 in Spellcasting
  5849 | D:4      | Found a staircase to the Ecumenical Temple.
  5888 | D:4      | Reached skill level 5 in Dodging
  5900 | D:4      | Learned a level 2 spell: Call Imp
  5939 | D:5      | Entered Level 5 of the Dungeon
  5999 | D:5      | Reached XP level 7. HP: 42/42 MP: 15/15
  6038 | D:5      | Reached skill level 1 in Summonings
  6040 | D:5      | Reached skill level 4 in Fighting
  6162 | D:5      | You pick up a book of Vapours and begin reading...
  6162 | D:5      | You add the spells Poisonous Vapours and Corpse Rot to your
                  | library.
  6166 | D:5      | Learned a level 2 spell: Poisonous Vapours
  6209 | D:5      | Noticed Menkaure
  6221 | D:5      | Killed Menkaure
  6222 | D:5      | Reached skill level 5 in Spellcasting
  6222 | D:5      | Reached skill level 2 in Summonings
  6441 | D:5      | Found a transporter.
  6441 | D:5      | Found a transporter.
  6442 | D:5      | Noticed ew1980's ghost (amateur GnFi)
  6579 | D:5      | You fall into a shaft and drop 2 floors!
  6587 | D:7      | Reached skill level 3 in Summonings
  6587 | D:7      | Reached skill level 5 in Invocations
  6619 | D:6      | Noticed Blork the orc
  6627 | D:6      | Reached XP level 8. HP: 45/48 MP: 17/17
  6726 | D:7      | Reached skill level 6 in Dodging
  6726 | D:7      | Reached skill level 4 in Summonings
  6726 | D:7      | HP: 11/48 [Blork the orc/+0 glaive (9)]
  6727 | D:7      | Slain by Blork the orc

Vanquished Creatures
  Menkaure (D:5)
  An ice beast (D:7)
  A phantom (D:4)
  A scorpion (D:5)
  A howler monkey (D:3)
  A jelly (D:5)
  3 hounds
  2 orc priests (D:3)
  4 orc wizards
  An iguana (D:5)
  6 gnolls
  4 adders
  An ufetubus (D:5)
  2 worms (D:2)
  3 dart slugs
  19 orcs
  6 ball pythons
  8 bats
  3 endoplasms
  5 giant cockroaches
  4 goblins
  10 hobgoblins
  14 jackals
  4 quokkas
  2 frilled lizards (D:1)
  4 kobolds
  5 rats
116 creatures vanquished.

Vanquished Creatures (collateral kills)
  An ogre (D:5)
1 creature vanquished.

Grand Total: 117 creatures vanquished

Table legend:
 A = Non-vault XP
 B = Vault XP
 C = Vault XP percentage of total XP
 D = Non-vault monster count
 E = Vault monster count
 F = Vault count percentage of total count
                 A         B        C        D         E       F
            +---------+---------+-------+---------+---------+-------
      Total |    1615 |     172 |   9.6 |     118 |       1 |   0.8
            +---------+---------+-------+---------+---------+-------
        D:1 |      40 |       0 |   0.0 |      23 |       0 |   0.0
        D:2 |      73 |       0 |   0.0 |      26 |       0 |   0.0
        D:3 |     364 |       0 |   0.0 |      31 |       0 |   0.0
        D:4 |     245 |       0 |   0.0 |      19 |       0 |   0.0
        D:5 |     372 |     172 |  31.6 |      14 |       1 |   6.7
        D:6 |       3 |       0 |   0.0 |       1 |       0 |   0.0
        D:7 |     518 |       0 |   0.0 |       4 |       0 |   0.0
            +---------+---------+-------+---------+---------+-------

Illustrated notes

Table legend:
 A = Kills in this place as a percentage of kills in entire the game.
 B = Kills by you in this place as a percentage of kills by you in the entire game.
 C = Kills by friends in this place as a percentage of kills by friends in the entire game.
 D = Other kills in this place as a percentage of other kills in the entire game.
 E = Experience gained in this place as a percentage of experience gained in the entire game.
 F = Experience gained in this place divided by the number of levels of this place that you have seen.
                   A       B       C       D       E      F
               +-------+-------+-------+-------+-------+----------------------
         Total | 100.0 | 100.0 | 100.0 | 100.0 | 100.0 | 223.4
       Dungeon | 100.0 | 100.0 | 100.0 | 100.0 | 100.0 | 255.3
               +-------+-------+-------+-------+-------+----------------------

Table legend: (Time is in decaauts)
 A = Elapsed time spent in this place.
 B = Non-inter-level travel time spent in this place.
 C = Inter-level travel time spent in this place.
 D = Time resting spent in this place.
 E = Time spent auto-exploring this place.
 F = Levels seen in this place.
 G = Mean time per level.
                   A        B        C        D        E       F      G
               +--------+--------+--------+--------+--------+-----+--------+
         Total |   6714 |   6454 |    260 |   1892 |   3377 |   8 |  839.2 |
       Dungeon |   6695 |   6435 |    260 |   1892 |   3364 |   7 |  956.4 |
         Abyss |     19 |     19 |      0 |      0 |     13 |   1 |   19.0 |
               +--------+--------+--------+--------+--------+-----+--------+

Top non-repeatable levels by time:
     D:3: 2266 daAuts
     D:1: 1959 daAuts
     D:2: 1138 daAuts
     D:5: 633 daAuts
     D:4: 550 daAuts
     D:7: 82 daAuts
     D:6: 65 daAuts
 Abyss:1: 19 daAuts
